 Dungeon Crawl Stone Soup version 0.21.1-72-gffa868e0fe (webtiles) character file.

3829 ooze the Basher (level 10, -9/64 HPs)
             Began as a Gargoyle Fighter on Aug 4, 2018.
             Was a Follower of Okawaru.
             Mangled by Gastronok (29 damage)
             ... on level 9 of the Dungeon.
             The game lasted 00:46:05 (8598 turns).

ooze the Basher (Gargoyle Fighter)                  Turns: 8598, Time: 00:46:05

Health: -9/64      AC: 21    Str: 22    XL:     10   Next: 17%
Magic:  10/10      EV:  6    Int: 10    God:    Okawaru [*.....]
Gold:   472        SH: 14    Dex: 12    Spells: 9/9 levels left

rFire    + . .     SeeInvis .   D - +0 flail (crush)
rCold    + . .     Gourm    .   c - +1 shield
rNeg     + . .     Faith    .   l - +0 chain mail
rPois    ∞         Spirit   .   (no helmet)
rElec    +         Reflect  +   i - scarf {rC+ rF+}
rCorr    .         Harm     .   F - +2 pair of gloves {Dex+3}
MR       .....                  (no boots)
Stlth    ..........             j - +2 amulet of reflection
HPRegen  0.20/turn              m - ring of wizardry
MPRegen  0.12/turn              (no ring)

@: no status effects
A: negative energy resistance 1, electricity resistance, unbreathing,
petrification resistance, rot immunity, AC +7
a: Heroism, Renounce Religion


You were on level 9 of the Dungeon.
You worshipped Okawaru.
Okawaru was aware of your devotion.
You were not hungry.

You visited 2 branches of the dungeon, and saw 10 of its levels.

You collected 472 gold pieces.

Inventory:

Hand Weapons
 D - a +0 flail of crushing (weapon)
 G - a +0 whip of venom
Missiles
 r - 14 tomahawks (quivered)
 y - 96 arrows
Armour
 c - a +1 shield (worn)
 i - a scarf of resistance (worn)
 l - a +0 chain mail (worn)
 F - a +2 pair of gloves of dexterity (worn)
Jewellery
 j - a +2 amulet of reflection (around neck)
 m - a ring of wizardry (left hand)
 z - an uncursed amulet of guardian spirit
 B - a +3 amulet of reflection
Wands
 o - a wand of random effects (29)
Scrolls
 e - a scroll of fear {unknown}
 h - 3 scrolls of identify
 k - 5 scrolls of remove curse
 s - 4 scrolls of amnesia {unknown}
 u - a scroll of magic mapping {unknown}
 v - a scroll of vulnerability {unknown}
 w - 2 scrolls of teleportation
 C - a scroll of enchant armour
Potions
 b - 2 potions of heal wounds
 d - a potion of might
 g - a potion of ambrosia {unknown}
 n - a potion of agility {unknown}
 p - 3 potions of brilliance
 q - a potion of lignification {unknown}
 t - a potion of berserk rage {unknown}
 x - 2 potions of flight {unknown}
 E - a potion of curing {unknown}
Books
 a - a book of Geomancy

   Spells                             Type                      Level
   a - Sandblast                      Earth                        1
   b - Passwall                       Transmutation/Earth          2
   c - Stone Arrow                    Conjuration/Earth            3
   d - Petrify                        Transmutation/Earth          4
   e - Lee's Rapid Deconstruction     Earth                        5
 A - a book of Misfortune

   Spells                             Type                      Level
   a - Confusing Touch                Hexes                        1
   b - Confuse                        Hexes                        3
   c - Gell's Gravitas                Translocation                3
   d - Petrify                        Transmutation/Earth          4
   e - Metabolic Englaciation         Hexes/Ice                    5
   f - Yara's Violent Unravelling     Hexes/Transmutation          5
Comestibles
 f - 9 rations


   Skills:
 + Level 7.8 Fighting
 * Level 9.2 Maces & Flails
 + Level 7.8 Armour
 - Level 0.1 Dodging
 + Level 7.8 Shields


You had 9 spell levels left.
You didn't know any spells.

Dungeon Overview and Level Annotations

Branches:
Dungeon (9/15)             Temple (1/1) D:7            Lair (0/6) D:9
    Orc (0/2) D:9

Altars:
Cheibriados
Dithmenos
Elyvilon
Fedhas
Gozag
Hepliaklqana
Kikubaaqudgha
Makhleb
Nemelex Xobeh
Okawaru
Qazlal
Ru
Sif Muna
Trog
Uskayaw
Vehumet
Wu Jian
Xom
Yredelemnul
Zin
The Shining One

Annotations:
D:9 Gastronok


Innate Abilities, Weirdness & Mutations

You are resistant to torment.
Your stone body is resilient. (AC +7)
You are immune to poison.
You resist negative energy. (rN+)
You are resistant to electric shocks. (rElec)
You can survive without breathing.
You are immune to petrification.
You are immune to rotting.


Message History

You hit Gastronok.
Gastronok is lightly wounded.
The worker ant bites you but does no damage.
You bludgeon Gastronok!!
Gastronok is lightly wounded.
You block the worker ant's attack. Gastronok bites you!!
You sock Gastronok!
Gastronok is moderately wounded.
You block the worker ant's attack.
You hit Gastronok.
Gastronok is moderately wounded.
The worker ant bites you but does no damage.
Gastronok bites you!!
* * * LOW HITPOINT WARNING * * *
You block the worker ant's attack.
You hit Gastronok.
Gastronok is moderately wounded.
You block the worker ant's attack. Gastronok bites you!!
You die...

...# #.........
.....#.#######..........
..####.# #...........
..# #.# #........... ..#
#.# #...........
+#####.# #<..........
.......# #...........
#####..######..aw.......
#.......#.>.@.......
#.#####.#.#'########
#.#####.# #.# #.......#
#.# ######..#.#.#
#.......#.# #.#######.#
#.##......# #....######


You could see Gastronok and a worker ant.

Vanquished Creatures
  A hippogriff (D:9)
  The ghost of DarthUnicorn the Insei, an amateur OpTm (D:4)
  2 water moccasins
  A porcupine (D:9)
  2 black bears (D:9)
  4 phantoms
  An orc warrior (D:7)
  2 ogres
  3 centaurs
  A big kobold (D:7)
  4 bullfrogs
  4 scorpions
  8 wights
  A quasit (D:6)
  A bullfrog zombie (D:5)
  4 orc priests
  7 hounds
  2 jellies
  7 orc wizards
  2 centaur skeletons
  6 iguanas
  7 worker ants
  4 gnolls (D:3)
  8 adders
  3 shadow imps
  An ooze (D:6)
  3 adder skeletons
  2 worms (D:3)
  A dart slug (D:4)
  3 leopard geckos
  28 orcs
  5 giant cockroaches
  7 hobgoblins
  13 jackals
  6 kobolds
  5 quokkas
  10 bats
  6 frilled lizards
  10 goblins
  A jackal skeleton (D:7)
  2 rats (D:3)
189 creatures vanquished.

Vanquished Creatures (others)
  A kobold (D:7)
  12 fungi (D:9)
13 creatures vanquished.

Grand Total: 202 creatures vanquished

Notes
Turn   | Place    | Note
-------+----------+-------------------------------------------
     0 | D:1      | ooze the Gargoyle Fighter began the quest for the Orb.
     0 | D:1      | Reached XP level 1. HP: 14/14 MP: 1/1
    52 | D:1      | Reached XP level 2. HP: 16/19 MP: 2/2
   621 | D:1      | Reached XP level 3. HP: 21/24 MP: 3/3
  1072 | D:2      | Reached XP level 4. HP: 29/29 MP: 4/4
  1529 | D:3      | Noticed a phantom
  2180 | D:3      | Reached skill level 3 in Maces & Flails
  2201 | D:3      | Reached XP level 5. HP: 25/33 MP: 5/5
  2602 | D:2      | Killed a phantom
  2872 | D:3      | Reached XP level 6. HP: 17/39 MP: 6/6
  3142 | D:3      | Reached skill level 4 in Maces & Flails
  3342 | D:3      | Found a stormy altar of Qazlal.
  3971 | D:4      | Reached XP level 7. HP: 41/44 MP: 7/7
  4023 | D:4      | Noticed DarthUnicorn's ghost (amateur OpTm)
  4060 | D:4      | Reached skill level 5 in Fighting
  4060 | D:4      | Reached skill level 5 in Armour
  4060 | D:4      | Reached skill level 5 in Shields
  4088 | D:4      | Killed DarthUnicorn's ghost
  4088 | D:4      | Reached skill level 5 in Maces & Flails
  4437 | D:5      | Entered Level 5 of the Dungeon
  4553 | D:5      | Found an iron altar of Okawaru.
  4560 | D:5      | Reached XP level 8. HP: 50/50 MP: 8/8
  4881 | D:5      | Found a snail-covered altar of Cheibriados.
  4915 | D:5      | Found a hazy altar of Hepliaklqana.
  5133 | D:5      | Reached skill level 6 in Maces & Flails
  5968 | D:6      | Found a glowing golden altar of the Shining One.
  6164 | D:7      | Reached skill level 7 in Maces & Flails
  6178 | D:7      | Reached XP level 9. HP: 26/56 MP: 9/9
  6744 | D:7      | Found an ornate altar of the Wu Jian Council.
  7064 | D:7      | Reached skill level 8 in Maces & Flails
  7109 | D:7      | Found a staircase to the Ecumenical Temple.
  7167 | D:7      | Found a white marble altar of Elyvilon.
  7208 | Temple   | Entered the Ecumenical Temple
  7362 | Temple   | Became a worshipper of Warmaster Okawaru
  7428 | D:7      | Found a deep blue altar of Sif Muna.
  8060 | D:8      | Found a blossoming altar of Fedhas.
  8219 | D:9      | Found a staircase to the Lair.
  8268 | D:9      | Reached * piety under Okawaru
  8290 | D:9      | Reached XP level 10. HP: 38/63 MP: 10/10
  8302 | D:9      | Reached skill level 9 in Maces & Flails
  8551 | D:9      | Found a staircase to the Orcish Mines.
  8588 | D:9      | Noticed Gastronok
  8598 | D:9      | Mangled by Gastronok

Skill      XL: |  1  2  3  4  5  6  7  8  9 10 |
---------------+-------------------------------+-----
Fighting       | 4 5 6 7 |  7.8
Maces & Flails | 3 4 5 7 8 9 |  9.2
Armour         | 4 5 6 7 |  7.8
Shields        | 4 5 6 7 |  7.8
Dodging        | |  0.1

Action                   |  1- 3 |  4- 6 |  7- 9 | 10-12 || total
-------------------------+-------+-------+-------+-------++-------
Melee: Flail             |   152 |   349 |   546 |    20 ||  1067
       Morningstar       |       |    64 |       |       ||    64
       Whip              |       |       |    82 |    45 ||   127
Evoke: Wand              |       |       |     1 |       ||     1
  Use: Scroll            |       |     6 |       |       ||     6
       Potion            |       |       |     2 |       ||     2
  Eat: Chunk             |     1 |    10 |    14 |     2 ||    27
Armor: Scale mail        |   119 |     4 |       |       ||   123
       Chain mail        |       |   248 |   365 |    26 ||   639
Dodge: Dodged            |    56 |    83 |    95 |     8 ||   242
Block: Shield            |   102 |   209 |   427 |    37 ||   775
       Reflection        |       |       |    24 |       ||    24
